 Dungeon Crawl Stone Soup version 0.28.0-53-g5a82cb258f (webtiles) character file.

Game seed: 6730838839201223946

128 Gurantaxtaxq the Digger (level 5, 0/28 HPs)
             Began as a Gargoyle Earth Elementalist on Aug 3, 2022.
             Blown up by Ijyb (20 damage)
             ... with a mindburst bolt
             ... on level 3 of the Dungeon.
             The game lasted 00:32:13 (1927 turns).

Gurantaxtaxq the Digger (GrEE)                      Turns: 1927, Time: 00:32:14

Health: 0/28       AC:  6    Str: 11    XL:     5   Next: 11%
Magic:  4/10       EV: 11    Int: 18    God:
Gold:   24         SH:  0    Dex: 10    Spells: 7/11 levels left

rFire   . . .      SeeInvis .   j - +0 dagger (venom)
rCold   . . .      Faith    .   (no shield)
rNeg    + . .      Spirit   .   b - +0 robe
rPois   ∞          Reflect  .   (no helmet)
rElec   +          Harm     .   (no cloak)
rCorr   +          Rampage  .   (no gloves)
Will    .....                   (no boots)
Stlth   ++........              k - amulet of the acrobat
HPRegen 0.09/turn               o - ring of resist corrosion
MPRegen 0.12/turn               (no ring)

@: no status effects
A: sickness immunity, AC +4, negative energy resistance 1, electricity
resistance, torment resistance 1, petrification resistance
a: no special abilities


You were on level 3 of the Dungeon.
You visited 1 branch of the dungeon, and saw 3 of its levels.

You collected 44 gold pieces.
You spent 20 gold pieces at shops.

Inventory:

Hand Weapons
 e - a +0 dagger
 j - a +0 dagger of venom (weapon)
 n - a +0 flail
Missiles
 c - 42 stones
 i - 15 arrows
 q - 16 sling bullets
Armour
 b - a +0 robe (worn)
 f - a +0 leather armour
Jewellery
 k - an amulet of the acrobat (around neck)
 o - a ring of resist corrosion (left hand)
Scrolls
 g - 3 scrolls of identify
Potions
 a - a potion of mutation {unknown}
 d - 2 potions of cancellation {unknown}
 h - a potion of flight {unknown}
 l - a potion of degeneration {unknown}
 m - 2 potions of curing {unknown}
 p - a potion of attraction {unknown}


   Skills:
 - Level 1.5 Dodging
 - Level 2.1 Stealth
 + Level 3.6 Spellcasting
 - Level 0.7 Transmutations
 + Level 5.4 Earth Magic


You had 7 spell levels left.
You knew the following spells:

 Your Spells              Type           Power      Damage    Failure   Level
a - Sandblast             Erth           44%        2d11      1%          1
b - Stone Arrow           Conj/Erth      26%        3d8       16%         3

Your spell library contained the following spells:

 Spells                   Type           Power      Damage    Failure   Level
 Passwall                 Tmut/Erth      11%        N/A       7%          2
 Petrify                  Tmut/Erth      14%        N/A       41%         4
 Call Canine Familiar     Summ           3%         N/A       43%         3
 Portal Projectile        Hex/Tloc       6%         N/A       43%         3
 Animate Armour           Summ/Erth      26%        N/A       45%         4
 Leda's Liquefaction      Hex/Erth       6%         N/A       45%         4
 Blade Hands              Tmut           2%         N/A       97%         5
 Iron Shot                Conj/Erth      6%         9d2       100%        6


Dungeon Overview and Level Annotations

Branches:
Dungeon (3/15)

Altars:

Shops:
D:3 ?

Annotations:
D:3 1 transporter, Ijyb


Innate Abilities, Weirdness & Mutations

You are immune to sickness and miasma.
Your stone body is resilient. (AC +4)
You are immune to poison.
You resist negative energy. (rN+)
You are resistant to electric shocks. (rElec)
You are resistant to unholy torment.
You are immune to petrification.


Message History

The hobgoblin shouts!
Aiming: Sandblast (safe; 1% risk of failure)
Press: ? - help, Q - select action, (/) - cycle Shift-Dir - straight line, f - you
Okay, then.
Aiming: Sandblast (safe; 1% risk of failure)
Press: ? - help, Q - select action, (/) - cycle Shift-Dir - straight line, f - Ijyb
Aim: Ijyb, wielding a +0 dagger, wearing a +0 leather armour and carrying a wand of mindburst (13) (asleep, 100% to hit)
The blast of sand hits Ijyb.
Ijyb is lightly wounded.
Ijyb shouts!
Aiming: Sandblast (safe; 1% risk of failure)
Press: ? - help, Q - select action, (/) - cycle Shift-Dir - straight line, f/p - Ijyb
Aim: Ijyb, wielding a +0 dagger, wearing a +0 leather armour and carrying a wand of mindburst (13) (lightly wounded, 76% to hit)
The blast of sand misses Ijyb.
Ijyb zaps a wand.
Your mind is blasted!
Aiming: Sandblast (safe; 1% risk of failure)
Press: ? - help, Q - select action, (/) - cycle Shift-Dir - straight line, f/p - Ijyb
Aim: Ijyb, wielding a +0 dagger, wearing a +0 leather armour and carrying a wand of mindburst (12) (lightly wounded, 76% to hit)
The blast of sand hits Ijyb.
Ijyb is moderately wounded.
Aiming: Sandblast (safe; 1% risk of failure)
Press: ? - help, Q - select action, (/) - cycle Shift-Dir - straight line, f/p - Ijyb
Aim: Ijyb, wielding a +0 dagger, wearing a +0 leather armour and carrying a wand of mindburst (12) (moderately wounded, 76% to hit)
The blast of sand hits Ijyb.
Ijyb is heavily wounded.
Ijyb barely misses you.
Aiming: Sandblast (safe; 1% risk of failure)
Press: ? - help, Q - select action, (/) - cycle Shift-Dir - straight line, f/p - Ijyb
Aim: Ijyb, wielding a +0 dagger, wearing a +0 leather armour and carrying a wand of mindburst (12) (heavily wounded, 76% to hit)
The blast of sand hits Ijyb but does no damage.
Ijyb is heavily wounded.
Ijyb zaps a wand.
You barely resist.
Aiming: Sandblast (safe; 1% risk of failure)
Press: ? - help, Q - select action, (/) - cycle Shift-Dir - straight line, f - hobgoblin, p - Ijyb
Aim: a hobgoblin (81% to hit)
The blast of sand hits the hobgoblin.
The hobgoblin is almost dead.
The hobgoblin closely misses you.
Ijyb zaps a wand.
Your mind is blasted!
Ouch! That really hurt!
You die...

8P#≈≈ #### #.#. .####.
... #.... ..... .. .....
### #....####.# #.
......+.# #.......#.###.
......#.# .......#.#...
......#g###....#..#.#...
......g@...###.#..#.#...
...$....#...##....#.#...
........#........##.#...
......#.............#...
.................†....##
...........##########.#
######.....# ####.#
#.....# #<##.# #.....#
#....#


You could see Ijyb and a hobgoblin.

Vanquished Creatures
  Terence (D:3)
  3 gnolls (D:2)
  2 adders (D:3)
  2 dart slugs
  2 ball pythons (D:1)
  A bat (D:3)
  6 endoplasms
  6 giant cockroaches
  3 goblins
  2 hobgoblins (D:2)
  2 jackals (D:2)
  5 quokkas
  5 frilled lizards
  4 kobolds
  3 rats (D:1)
47 creatures vanquished.

Notes
Turn   | Place    | Note
-------+----------+-------------------------------------------
     0 | D:1      | Gurantaxtaxq the Gargoyle Earth Elementalist began the
                  | quest for the Orb.
     0 | D:1      | Reached XP level 1. HP: 10/10 MP: 3/3
   362 | D:1      | Reached skill level 4 in Earth Magic
   362 | D:1      | Reached XP level 2. HP: 15/15 MP: 3/5
   960 | D:1      | Reached XP level 3. HP: 19/19 MP: 2/6
   964 | D:1      | Learned a level 3 spell: Stone Arrow
  1223 | D:2      | Found a faded altar of an unknown god.
  1461 | D:2      | Reached XP level 4. HP: 18/24 MP: 4/8
  1464 | D:2      | Reached skill level 5 in Earth Magic
  1840 | D:3      | Found Tas Ney's Magic Scroll Boutique.
  1840 | D:3      | Noticed Terence
  1852 | D:3      | Killed Terence
  1853 | D:3      | Reached XP level 5. HP: 22/28 MP: 5/10
  1861 | D:3      | Bought a scroll of identify for 20 gold pieces
  1887 | D:3      | Found a transporter.
  1918 | D:3      | Noticed Ijyb
  1927 | D:3      | Blown up by Ijyb

Illustrated notes

Levels and vault maps discovered:
D:1:      lightli_arrival_isolated_outpost, layout_basic
D:2:      layout_basic, basic_ecumenical_altar
D:3:      gammafunk_steamed_eel, layout_basic, serial_shops,
          nicolae_shop_crystal, gammafunk_ghost_grave, minmay_misc_feat_x,
          uniq_ijyb, uniq_sigmund, uniq_terence, uniq_natasha, uniq_jessica

Skill      XL: |  1  2  3  4 |
---------------+-------------+-----
Earth Magic    | 4 5 |  5.4
Spellcasting   | 3 |  3.6
Dodging        | |  1.5
Stealth        | |  2.1
Transmutations | |  0.7

Action                   |  1- 3 |  4- 6 || total
-------------------------+-------+-------++-------
Melee: Unarmed           |    12 |       ||    12
       Dagger            |    55 |    13 ||    68
 Cast: Sandblast         |    46 |    21 ||    67
Armor: Robe              |    25 |     2 ||    27
Dodge: Dodged            |    44 |    17 ||    61
